[Event "Titled Tuesday Blitz November 07 Late 2023"]
[White "Rojas Alarcon, Julian Antonio"]
[Black "Onslow, Alfie"]
[WhiteFideId "5107407"]
[BlackFideId "436976"]
[WhiteElo "2676"]
[BlackElo "2345"]
[Result "1-0"]
[Round "1"]
[TimeControl "180+1"]
[Date "2023.11.07"]
[WhiteClock "0:02:10"]
[BlackClock "0:00:01"]
[Board "95"]

1. d4 Nf6 2. c4 c5 3. d5 b5 4. f3 d6 5. e4 b4 6. Bd3 g6 7. b3 Bg7 8. Bb2 a5 9. a3 Ra6 10. Ne2 O-O 11. O-O e6 12. Nd2 bxa3 13. Rxa3 Bd7 14. Qa1 e5 15. Bc3 a4 16. bxa4 Nh5 17. a5 f5 18. exf5 gxf5 19. Bc2 Qg5 20. f4 Qg4 21. Bd1 exf4 22. Nxf4 Qg5 23. Nxh5 Qe3+ 24. Kh1 Bxc3 25. Qxc3 Qxc3 26. Rxc3 Rxa5 27. Rg3+ Kf7 28. Rg7+ Ke8 29. Nf3 1-0


[Site "https://www.chess.com"]

[Event "Titled Tuesday Blitz November 07 Late 2023"]
[White "Spichkin, Alexander"]
[Black "Rozman, Levy"]
[WhiteFideId "4144074"]
[BlackFideId "2039877"]
[WhiteElo "2343"]
[BlackElo "2671"]
[Result "0-1"]
[Round "1"]
[TimeControl "180+1"]
[Date "2023.11.07"]
[WhiteClock "0:01:29"]
[BlackClock "0:00:11"]
[Board "96"]

1. f4 g6 2. Nf3 Bg7 3. d3 d6 4. e4 Nc6 5. Be2 e5 6. O-O Nf6 7. Nc3 h6 8. Qe1 O-O 9. fxe5 dxe5 10. Qh4 Ng4 11. Qg3 f5 12. Nd5 f4 13. Qe1 Nf6 14. c4 Qd6 15. Bd2 g5 16. a3 Nd4 17. Nxd4 exd4 18. b4 c6 19. c5 Qe5 20. Nxf6+ Rxf6 21. Qd1 Be6 22. Bg4 a6 23. Rb1 Re8 24. a4 Kh7 25. Qf3 Qc7 26. Bxe6 Rexe6 27. Qg4 Qd7 28. Rfc1 Kg6 29. b5 h5 30. Qd1 axb5 31. axb5 g4 32. Qb3 f3 33. g3 h4 34. bxc6 bxc6 35. Qb7 Rf7 36. Qxd7 Rxd7 37. Bf4 Ra7 38. Rc3 dxc3 39. Be3 hxg3 40. hxg3 Ra2 41. Rc1 Be5 42. Bf2 c2 43. d4 Bxd4 44. Bxd4 Rxe4 45. Bf2 Rb4 46. Be3 Rb1 47. Kf2 Rxc1 48. Bxc1 Ra1 49. Bf4 c1=N 50. Bxc1 Rxc1 51. Ke3 Rc2 52. Kf4 f2 53. Kxg4 f1=N 54. Kf4 Rxc5 55. g4 Rd5 56. Ke4 Rd8 57. Ke5 Nd2 58. Ke6 Nb3 59. Ke7 Rd1 0-1


[Site "https://www.chess.com"]

[Event "Titled Tuesday Blitz November 07 Late 2023"]
[White "Skvortsov, Andrei"]
[Black "KorolDimitriy75"]
[WhiteFideId "24108600"]
[WhiteElo "2669"]
[BlackElo "2340"]
[Result "1-0"]
[Round "1"]
[TimeControl "180+1"]
[Date "2023.11.07"]
[WhiteClock "0:01:09"]
[BlackClock "0:00:00"]
[Board "97"]

1. e4 c5 2. d4 cxd4 3. Qxd4 Nc6 4. Qd3 g6 5. Nc3 Bg7 6. Nf3 Nf6 7. Be2 d6 8. O-O O-O 9. Nd5 Nd7 10. c3 h6 11. a4 Kh7 12. Rd1 b6 13. b4 Bb7 14. Ba3 Rc8 15. Rac1 Nce5 16. Nxe5 Nxe5 17. Qh3 Nc4 18. Bxc4 Rxc4 19. Qd3 Bxd5 20. exd5 Qc7 21. Rc2 Rc8 22. Rdc1 Qd7 23. a5 Qa4 24. axb6 axb6 25. Bb2 Qb3 26. Qd2 h5 27. g3 R8c7 28. Kg2 b5 29. Qe2 Bf6 30. Qf3 Kg7 31. h4 Rg4 32. Qd3 Rxb4 33. cxb4 Qxd3 34. Bxf6+ Kxf6 35. Rxc7 Qxd5+ 36. Kg1 Qd4 37. Rb1 Qd3 38. Rcc1 1-0


[Site "https://www.chess.com"]

[Event "Titled Tuesday Blitz November 07 Late 2023"]
[White "Ardila, Oscar Humberto"]
[Black "Giroyan, Gary"]
[WhiteFideId "4404742"]
[BlackFideId "680281"]
[WhiteElo "2338"]
[BlackElo "2664"]
[Result "0-1"]
[Round "1"]
[TimeControl "180+1"]
[Date "2023.11.07"]
[WhiteClock "0:00:10"]
[BlackClock "0:01:01"]
[Board "98"]

1. d4 Nf6 2. c4 e6 3. Nc3 Bb4 4. Bd2 d5 5. Nf3 O-O 6. e3 b6 7. cxd5 exd5 8. Bd3 Re8 9. O-O Bd6 10. Qc2 Bb7 11. Nb5 c5 12. Nxd6 Qxd6 13. Bb5 Nbd7 14. Qf5 Re7 15. Bd3 Ne4 16. Be1 Rae8 17. Rd1 c4 18. Bb1 a5 19. Nd2 Ndf6 20. Nxe4 Nxe4 21. f3 Bc8 22. Qf4 Qxf4 23. exf4 Nd6 24. Bf2 Bf5 25. Rfe1 Bxb1 26. Rxb1 b5 27. Kf1 b4 28. Rxe7 Rxe7 29. Re1 Kf8 30. Rxe7 Kxe7 31. Ke2 Nb5 32. Kd2 a4 33. g4 g6 34. Bh4+ Kd7 35. Bf2 a3 36. bxa3 Nxa3 37. Kc1 Kc6 38. h4 f5 39. Be1 Kb5 40. Kb2 Ka4 41. Bd2 Nb5 42. Be3 Nc3 43. a3 Nd1+ 44. Kc1 Nxe3 45. axb4 Kxb4 46. Kd2 Ng2 47. Ke2 Nxf4+ 48. Ke3 Ne6 49. gxf5 gxf5 50. f4 Kb3 0-1


[Site "https://www.chess.com"]

[Event "Titled Tuesday Blitz November 07 Late 2023"]
[White "Gubajdullin, Alexei"]
[Black "Davidson, Kevin"]
[WhiteFideId "4141202"]
[BlackFideId "2056810"]
[WhiteElo "2662"]
[BlackElo "2337"]
[Result "1-0"]
[Round "1"]
[TimeControl "180+1"]
[Date "2023.11.07"]
[WhiteClock "0:00:39"]
[BlackClock "0:00:00"]
[Board "99"]

1. d4 Nf6 2. Nf3 g6 3. Bf4 Bg7 4. e3 d6 5. Be2 O-O 6. O-O Nfd7 7. h3 h6 8. a4 e5 9. Bh2 Nc6 10. a5 a6 11. c3 f5 12. Nbd2 g5 13. dxe5 dxe5 14. Nc4 f4 15. exf4 exf4 16. Qd5+ Kh8 17. Rad1 Qe7 18. Rfe1 Qc5 19. Qxc5 Nxc5 20. Rd5 Rf5 21. Red1 Rxd5 22. Rxd5 Nb3 23. h4 Be6 24. Rd1 g4 25. Ne1 Rf8 26. Nd2 Nxd2 27. Rxd2 Nxa5 28. Nd3 Nc4 29. Rd1 f3 30. Bf1 c6 31. Nc5 Bc8 32. Bxc4 b5 33. Ba2 a5 34. Ne6 Bxe6 35. Bxe6 h5 36. gxf3 gxf3 37. Rd6 b4 38. cxb4 axb4 39. b3 Ra8 40. Bg3 Ra1+ 41. Kh2 1-0


[Site "https://www.chess.com"]

[Event "Titled Tuesday Blitz November 07 Late 2023"]
[White "Bueno, Alfeu Junior Varela"]
[Black "Lamaze, Simon"]
[WhiteFideId "2108879"]
[BlackFideId "36069264"]
[WhiteElo "2336"]
[BlackElo "2659"]
[Result "0-1"]
[Round "1"]
[TimeControl "180+1"]
[Date "2023.11.07"]
[WhiteClock "0:00:32"]
[BlackClock "0:01:42"]
[Board "100"]

1. e4 c6 2. d4 d5 3. f3 e6 4. Nc3 Nd7 5. Be3 Bb4 6. Bd3 Ne7 7. Ne2 O-O 8. Qd2 e5 9. a3 exd4 10. axb4 dxe3 11. Qxe3 dxe4 12. fxe4 Ne5 13. O-O-O Qc7 14. h3 b5 15. Kb1 a5 16. bxa5 Qxa5 17. Kc1 b4 18. Nb1 Be6 19. Nd4 Ba2 20. Nd2 Qa7 21. Nf5 Qxe3 22. Nxe3 Be6 23. Nb3 Bxb3 0-1


[Site "https://www.chess.com"]

[Event "Titled Tuesday Blitz November 07 Late 2023"]
[White "Domingo Nunez, Ruben"]
[Black "SlippperyWhenWet"]
[WhiteFideId "22245570"]
[WhiteElo "2657"]
[BlackElo "2335"]
[Result "1-0"]
[Round "1"]
[TimeControl "180+1"]
[Date "2023.11.07"]
[WhiteClock "0:01:19"]
[BlackClock "0:00:25"]
[Board "101"]

1. e4 g6 2. h4 h5 3. Nh3 Bg7 4. Ng5 d6 5. d4 e6 6. c4 Ne7 7. Nc3 a6 8. Be3 Nd7 9. Be2 b6 10. Qd2 Bb7 11. O-O-O c5 12. Kb1 Rc8 13. dxc5 dxc5 14. Nxf7 Kxf7 15. Qxd7 Qxd7 16. Rxd7 Bxc3 17. Rxb7 Bf6 18. Rxb6 Rb8 19. Bxc5 Rhc8 20. Rxb8 Rxb8 21. b3 Nc6 22. g3 Nd4 23. Bd1 a5 24. f4 Nc6 25. e5 Bd8 26. Bf3 Nb4 27. Rd1 Rc8 28. Bd6 Bb6 29. a3 Nc6 30. b4 Nd4 31. c5 Bxc5 32. Bb7 Nb5 33. Bxc8 Nc3+ 34. Kc2 Nxd1 35. Bxc5 axb4 36. axb4 Kg7 37. Kxd1 Kh6 38. b5 Kh7 39. b6 Kg7 40. b7 Kh7 41. b8=Q g5 42. Qc7+ Kg6 43. Bxe6 g4 44. Qf7+ Kh6 45. Bf8# 1-0


[Site "https://www.chess.com"]

[Event "Titled Tuesday Blitz November 07 Late 2023"]
[White "Balla, Tamas-Kristof"]
[Black "Lamard, Guillaume"]
[WhiteFideId "1208497"]
[BlackFideId "600261"]
[WhiteElo "2333"]
[BlackElo "2655"]
[Result "1/2-1/2"]
[Round "1"]
[TimeControl "180+1"]
[Date "2023.11.07"]
[WhiteClock "0:00:27"]
[BlackClock "0:00:06"]
[Board "102"]

1. e4 c5 2. c3 d6 3. d4 Nf6 4. Bd3 g6 5. h3 Bg7 6. Nf3 O-O 7. O-O Qc7 8. Bf4 Nbd7 9. Qd2 e5 10. Bh6 a6 11. Bxg7 Kxg7 12. Qe2 b5 13. Nbd2 Bb7 14. Rac1 Rac8 15. Rfd1 cxd4 16. cxd4 Qxc1 17. Rxc1 Rxc1+ 18. Kh2 exd4 19. Nxd4 Re8 20. Nc2 Nc5 21. Nb3 Nxb3 22. axb3 Bxe4 23. Bxe4 Rxe4 24. Qd2 Rb1 25. Qxd6 Rxb2 26. Qd3 Re6 27. Qc3 Ra2 28. Nd4 Re4 29. f3 Re7 30. Qc5 Re1 31. Qg5 Rd1 32. Nf5+ Kf8 33. Qxf6 gxf5 34. Qh8+ Ke7 35. Qe5+ Kf8 36. Qh8+ Ke7 37. Qe5+ Kf8 38. Qh8+ 1/2-1/2


[Site "https://www.chess.com"]

[Event "Titled Tuesday Blitz November 07 Late 2023"]
[White "Tokhirjonova, Gulrukhbegim"]
[Black "Bokros, Albert"]
[WhiteFideId "14203626"]
[BlackFideId "710458"]
[WhiteElo "2654"]
[BlackElo "2333"]
[Result "1-0"]
[Round "1"]
[TimeControl "180+1"]
[Date "2023.11.07"]
[WhiteClock "0:00:30"]
[BlackClock "0:00:50"]
[Board "103"]

1. Nf3 d5 2. e3 Bg4 3. Be2 Nf6 4. O-O c6 5. d4 e6 6. b3 Nbd7 7. c4 Bd6 8. Nc3 O-O 9. h3 Bh5 10. Bb2 Qe7 11. a3 h6 12. b4 Ne4 13. Nxe4 dxe4 14. Nd2 Bxe2 15. Qxe2 a5 16. Nxe4 axb4 17. Nxd6 Qxd6 18. c5 Qd5 19. axb4 Nf6 20. b5 Qb3 21. b6 Nd5 22. Rfb1 Nb4 23. Bc1 Qc3 24. Rxa8 Rxa8 25. Bd2 Qd3 26. Qxd3 Nxd3 27. e4 Ra2 28. Be3 Kf8 29. d5 exd5 30. exd5 Ne5 31. Bd4 Nd7 32. dxc6 bxc6 33. b7 Rd2 34. b8=Q+ Nxb8 35. Rxb8+ Ke7 36. Bxg7 Rd5 37. Bxh6 Rxc5 38. Bf8+ 1-0


[Site "https://www.chess.com"]

[Event "Titled Tuesday Blitz November 07 Late 2023"]
[White "Shapiro, Daniel"]
[Black "Shuvalova, Polina"]
[WhiteFideId "2001780"]
[BlackFideId "24171760"]
[WhiteElo "2332"]
[BlackElo "2651"]
[Result "0-1"]
[Round "1"]
[TimeControl "180+1"]
[Date "2023.11.07"]
[WhiteClock "0:00:00"]
[BlackClock "0:00:39"]
[Board "104"]

1. d4 c6 2. c4 e6 3. Nf3 d5 4. Qb3 Nf6 5. Nc3 Be7 6. g3 O-O 7. Bg2 dxc4 8. Qxc4 b5 9. Qd3 Bb7 10. Ne5 a6 11. O-O Qc8 12. a4 Nbd7 13. f4 b4 14. Ne4 c5 15. Nxf6+ Nxf6 16. Be3 Rd8 17. Rfd1 Bxg2 18. Kxg2 Qb7+ 19. Kg1 Rac8 20. Qb3 cxd4 21. Rxd4 Rxd4 22. Bxd4 Qe4 23. Qd3 Rc2 24. b3 Qxd3 25. exd3 Nd5 26. Rd1 f6 27. Nf3 Kf7 28. Rd2 Rc1+ 29. Kf2 Bc5 30. Bxc5 Rxc5 31. Nd4 Rc3 32. Nc2 Rxb3 33. Nd4 Rc3 34. Ke2 a5 35. Rb2 h5 36. Nb5 Rc6 37. Nd4 Rc1 38. Nb5 Ra1 39. Nd6+ Ke7 40. Ne4 Rxa4 41. Rc2 b3 0-1


[Site "https://www.chess.com"]

[Event "Titled Tuesday Blitz November 07 Late 2023"]
[White "Arman, Deniz"]
[Black "Harriott, Tyrell"]
[WhiteFideId "6302106"]
[BlackFideId "2086484"]
[WhiteElo "2647"]
[BlackElo "2331"]
[Result "1-0"]
[Round "1"]
[TimeControl "180+1"]
[Date "2023.11.07"]
[WhiteClock "0:01:31"]
[BlackClock "0:00:44"]
[Board "105"]

1. e4 d5 2. exd5 Nf6 3. Bb5+ Nbd7 4. d4 a6 5. Be2 b5 6. a4 b4 7. c4 bxc3 8. bxc3 Nxd5 9. Bf3 c6 10. Ba3 g6 11. c4 Qa5+ 12. Qd2 Qxd2+ 13. Nxd2 N5b6 14. Bxc6 Rb8 15. a5 Na8 16. Ngf3 Bg7 17. O-O O-O 18. Bxe7 Re8 19. Bd6 Rb2 20. Bxa8 Nf8 21. Ba3 Rb8 22. Bc6 Bd7 23. Bxf8 Bxc6 24. Bxg7 Bxf3 25. Nxf3 Kxg7 26. Rfe1 f6 27. Rxe8 Rxe8 28. d5 Rc8 29. Rc1 Kf7 30. c5 Ke7 31. Nd4 Kd7 32. Nc6 Re8 33. Kf1 Kc7 34. Re1 Rxe1+ 35. Kxe1 Kb7 36. Kd2 Kc7 37. Ke3 Kb7 38. Kd4 Kc7 39. f4 Kb7 40. g4 Kc7 41. h4 h5 42. g5 fxg5 43. fxg5 Kd7 44. Ne5+ Ke7 45. Nxg6+ Kf7 46. Nf4 Kg7 47. Nxh5+ Kf7 48. Ng3 Ke7 49. Ke5 Kf7 50. h5 Ke7 51. c6 Kd8 52. d6 Kc8 53. Ke6 Kb8 54. g6 Ka8 55. g7 Ka7 56. h6 Ka8 57. h7 Ka7 58. Nf5 Ka8 59. g8=Q+ Ka7 60. Qg7+ 1-0


[Site "https://www.chess.com"]

[Event "Titled Tuesday Blitz November 07 Late 2023"]
[White "MariusBieliauskas"]
[Black "Chor, Kevin"]
[BlackFideId "2090740"]
[WhiteElo "2329"]
[BlackElo "2647"]
[Result "0-1"]
[Round "1"]
[TimeControl "180+1"]
[Date "2023.11.07"]
[WhiteClock "0:00:00"]
[BlackClock "0:00:15"]
[Board "106"]

1. d4 Nf6 2. c4 e6 3. Nf3 d5 4. g3 dxc4 5. Bg2 Bb4+ 6. Bd2 c5 7. O-O O-O 8. dxc5 Bxc5 9. Qc2 Nc6 10. Qxc4 Be7 11. Rd1 e5 12. Nc3 Be6 13. Qa4 Qc7 14. Bg5 Rfd8 15. Rac1 a6 16. Bxf6 Bxf6 17. Ne4 Be7 18. Nfg5 Bd7 19. Qc4 Be8 20. h4 h6 21. Nf3 Kh8 22. a3 Rac8 23. b4 Qb6 24. Rxd8 Rxd8 25. Nc5 Bxc5 26. Qxc5 Qxc5 27. Rxc5 Rd1+ 28. Kh2 f6 29. Rc3 Bh5 30. Rc2 e4 31. Nd2 f5 32. Nb3 Ne5 33. Bh3 Bxe2 34. Rc8+ Kh7 35. Bxf5+ g6 36. Bxe4 Nf3+ 37. Bxf3 Bxf3 38. g4 Bxg4 39. Rc7+ Rd7 40. Rxd7+ Bxd7 41. Nc5 Bc6 42. Kg3 Kg7 43. Kf4 Kf6 44. Nb3 g5+ 45. hxg5+ hxg5+ 46. Ke3 Ke5 47. Nd4 Bd5 48. Ne2 Kd6 49. f4 g4 50. Ng3 Kc6 51. f5 Kb5 52. Kd4 Bf7 53. Kc3 Kc6 54. Kd4 b6 55. Ke5 Kb5 56. Kf6 Ba2 57. Kg5 Ka4 58. Kxg4 Kxa3 59. f6 Kxb4 60. Ne4 a5 61. Kf5 a4 62. Ng5 Bg8 63. f7 Bxf7 64. Nxf7 a3 65. Ne5 a2 66. Nd3+ Ka3 67. Ne1 Kb3 0-1


[Site "https://www.chess.com"]

[Event "Titled Tuesday Blitz November 07 Late 2023"]
[White "Zeynalli, Rashad"]
[Black "Fernandez Bustamante, Leancy B."]
[WhiteFideId "13403320"]
[BlackFideId "3523870"]
[WhiteElo "2646"]
[BlackElo "2329"]
[Result "0-1"]
[Round "1"]
[TimeControl "180+1"]
[Date "2023.11.07"]
[WhiteClock "0:00:32"]
[BlackClock "0:01:05"]
[Board "107"]

1. d4 c5 2. d5 d6 3. Nc3 e5 4. e4 Nf6 5. Nf3 g6 6. Nd2 Bg7 7. Be2 O-O 8. O-O Na6 9. Nc4 Nc7 10. a4 b6 11. f3 Rb8 12. Nb5 Nxb5 13. axb5 Rb7 14. Bg5 h6 15. Bh4 g5 16. Bf2 Nh5 17. g3 Nf6 18. Qd3 Bh3 19. Rfe1 Ne8 20. g4 h5 21. Ra6 Qd7 22. Ne3 Nf6 23. Rea1 hxg4 24. fxg4 Bxg4 25. Nxg4 Nxg4 26. Bg3 Nh6 27. Qa3 f5 28. exf5 Nxf5 29. Rxa7 Nxg3 30. hxg3 Rxa7 31. Qxa7 Qh3 0-1


[Site "https://www.chess.com"]

[Event "Titled Tuesday Blitz November 07 Late 2023"]
[White "Nita, Lucian"]
[Black "Adla, Diego"]
[WhiteFideId "1206923"]
[BlackFideId "100072"]
[WhiteElo "2327"]
[BlackElo "2646"]
[Result "0-1"]
[Round "1"]
[TimeControl "180+1"]
[Date "2023.11.07"]
[WhiteClock "0:02:04"]
[BlackClock "0:02:13"]
[Board "108"]

1. e4 e5 2. d3 Bc5 3. Nf3 d6 4. Be2 f5 5. O-O Nf6 6. Nbd2 a5 7. c3 O-O 8. exf5 Bxf5 9. Qb3+ Kh8 10. Qxb7 Nbd7 11. Qb3 a4 12. Qd1 Qe7 13. d4 Ba7 14. dxe5 Nxe5 15. Nxe5 Qxe5 16. Nf3 Qa5 17. Bd3 Bg4 18. h3 Bh5 19. Be2 a3 20. b4 Qf5 21. Bxa3 Ne4 22. Nd4 Bxe2 23. Qxe2 Nxc3 24. Qd3 Bxd4 25. Qxf5 Rxf5 26. Bc1 Ne2+ 0-1


[Site "https://www.chess.com"]

[Event "Titled Tuesday Blitz November 07 Late 2023"]
[White "Thomforde-Toates, Noah"]
[Black "Romero Ruscalleda, Josep"]
[WhiteFideId "30951992"]
[BlackFideId "2231859"]
[WhiteElo "2645"]
[BlackElo "2325"]
[Result "1-0"]
[Round "1"]
[TimeControl "180+1"]
[Date "2023.11.07"]
[WhiteClock "0:01:04"]
[BlackClock "0:00:43"]
[Board "109"]

1. e4 g6 2. Nc3 Bg7 3. Nge2 d6 4. g3 c5 5. Bg2 Nc6 6. d3 Nf6 7. h3 O-O 8. Be3 Bd7 9. O-O a6 10. a4 Rb8 11. f4 b5 12. axb5 axb5 13. g4 b4 14. Nb1 Bxg4 15. hxg4 Nxg4 16. Bc1 e5 17. f5 Qh4 18. Rf3 gxf5 19. exf5 Nd4 20. Nxd4 exd4 21. Bf4 Bh6 22. Bxh6 Qxh6 23. Rh3 Qf4 24. Nd2 Qf2+ 25. Kh1 Qf4 26. Ne4 Kh8 27. Qf3 Qxf3 28. Bxf3 Ne3 29. Nf6 Kg7 30. Nd7 Nxc2 31. Rg1+ Kh8 32. Nf6 1-0


[Site "https://www.chess.com"]

[Event "Titled Tuesday Blitz November 07 Late 2023"]
[White "Maect19"]
[Black "Janaszak, Dawid"]
[BlackFideId "1119206"]
[WhiteElo "2325"]
[BlackElo "2644"]
[Result "0-1"]
[Round "1"]
[TimeControl "180+1"]
[Date "2023.11.07"]
[WhiteClock "0:00:09"]
[BlackClock "0:00:46"]
[Board "110"]

1. d4 d5 2. Nf3 c5 3. e3 e6 4. Bd3 Nf6 5. O-O Nc6 6. b3 cxd4 7. exd4 Bd6 8. Bb2 O-O 9. Ne5 Bxe5 10. dxe5 Nd7 11. f4 Nc5 12. Rf3 Nxd3 13. Qxd3 Qb6+ 14. Kh1 Bd7 15. Rh3 g6 16. Nd2 Kg7 17. Nf3 h6 18. Qd2 Rh8 19. Rf1 Rac8 20. Rg3 Qa6 21. Ra1 Kf8 22. a4 Ke8 23. b4 Qc4 24. b5 Ne7 25. Nd4 Qc7 26. Rc3 Qb8 27. Ba3 Rxc3 28. Qxc3 Qd8 29. Bd6 Nc8 30. Bc7 Qe7 31. a5 Kf8 32. a6 bxa6 33. bxa6 Kg7 34. Ba5 Qh4 35. Nf3 Qxf4 36. Qc7 Bb5 37. Bc3 g5 38. Bd2 Qc4 39. Be3 Qxc7 0-1


[Site "https://www.chess.com"]

[Event "Titled Tuesday Blitz November 07 Late 2023"]
[White "Volkov, Maksim"]
[Black "Pavlidou, Ekaterini"]
[WhiteFideId "54123070"]
[BlackFideId "4213262"]
[WhiteElo "2643"]
[BlackElo "2324"]
[Result "1-0"]
[Round "1"]
[TimeControl "180+1"]
[Date "2023.11.07"]
[WhiteClock "0:01:27"]
[BlackClock "0:00:16"]
[Board "111"]

1. e4 c5 2. Nf3 Nc6 3. Bb5 e6 4. O-O Nge7 5. c3 a6 6. Ba4 b5 7. Bc2 Bb7 8. Re1 d5 9. exd5 Nxd5 10. d4 cxd4 11. Nxd4 Bc5 12. Nxc6 Bxc6 13. Nd2 Nf4 14. Ne4 Qxd1 15. Rxd1 Ne2+ 16. Kf1 Nxc1 17. Nxc5 Nxa2 18. Rxa2 Ke7 19. Rxa6 Rxa6 20. Nxa6 Ra8 21. Nb4 Bb7 22. f3 f5 23. Ke2 g6 24. Ke3 g5 25. g3 h5 26. f4 gxf4+ 27. Kxf4 Rg8 28. Re1 Kf6 29. Ke3 h4 30. Kf2 hxg3+ 31. hxg3 f4 32. gxf4 Rg2+ 33. Ke3 Rg3+ 34. Kd4 Rf3 35. Kc5 Rxf4 36. Kxb5 Rf2 37. c4 Bg2 38. c5 Rf4 39. c6 Bf1+ 40. Rxf1 1-0


[Site "https://www.chess.com"]

[Event "Titled Tuesday Blitz November 07 Late 2023"]
[White "GAO"]
[Black "Wieczorek, Oskar"]
[BlackFideId "1133950"]
[WhiteElo "2323"]
[BlackElo "2643"]
[Result "0-1"]
[Round "1"]
[TimeControl "180+1"]
[Date "2023.11.07"]
[WhiteClock "0:00:43"]
[BlackClock "0:00:15"]
[Board "112"]

1. e4 c5 2. Nf3 e6 3. c3 Nf6 4. e5 Nd5 5. d4 cxd4 6. cxd4 d6 7. a3 Nc6 8. Bd3 Be7 9. Qe2 b6 10. O-O Bb7 11. Nc3 Nxc3 12. bxc3 dxe5 13. dxe5 O-O 14. Bf4 Qc7 15. Qe4 g6 16. Bh6 Rfd8 17. Rfd1 Nb4 18. Qe3 Rxd3 19. Rxd3 Nc2 20. Qc1 Nxa1 21. Qxa1 Rd8 22. Qd1 Be4 23. Rd4 Rd5 24. Qa4 b5 25. Qd1 Qxc3 26. Rxd5 Bxd5 27. a4 b4 28. Bd2 Qd3 29. Qc1 Qc4 30. Qb2 b3 31. h4 h5 32. Nd4 Bc5 33. Bc3 Qd3 34. a5 a6 35. Qa1 Qe4 36. f3 Qxe5 37. Kf1 Qe3 38. Qb2 Bc4+ 39. Ne2 Qf2# 0-1


[Site "https://www.chess.com"]

[Event "Titled Tuesday Blitz November 07 Late 2023"]
[White "Amburgy, Ryan"]
[Black "Szente Varga, Fruzsina"]
[WhiteFideId "30924820"]
[BlackFideId "712264"]
[WhiteElo "2637"]
[BlackElo "2320"]
[Result "1-0"]
[Round "1"]
[TimeControl "180+1"]
[Date "2023.11.07"]
[WhiteClock "0:00:11"]
[BlackClock "0:00:05"]
[Board "113"]

1. d4 Nf6 2. c4 g6 3. Nc3 Bg7 4. e4 d5 5. cxd5 O-O 6. Nf3 c6 7. dxc6 Nxc6 8. d5 Nb8 9. Bc4 Qc7 10. Bb3 Na6 11. O-O Nc5 12. Bc2 Rd8 13. Bg5 h6 14. Bh4 Qb6 15. e5 g5 16. exf6 Bxf6 17. Bg3 Qxb2 18. Bc7 Rd7 19. Be5 Bxe5 20. Nxe5 Qxc3 21. Nxd7 Bxd7 22. Rc1 Qe5 23. Re1 Qd6 24. Qd4 b6 25. h4 Rd8 26. hxg5 hxg5 27. Qe3 Qh6 28. Qxe7 Re8 29. Qxe8+ Bxe8 30. Rxe8+ Kg7 31. Rce1 Qd6 32. R8e5 Nd7 33. Rxg5+ Kf6 34. Rh5 Qb4 35. Re3 Qc5 36. Bb3 Qc1+ 37. Kh2 Qc7+ 38. g3 Nc5 39. d6 Qd7 40. Bc4 Kg6 41. Rd5 Ne6 42. Bb5 Qd8 43. d7 Ng5 44. Re8 Nf3+ 45. Kg2 Ne1+ 46. Kf1 Qf6 47. d8=Q Qa1 48. Rg8+ Kh6 49. Qg5+ 1-0


[Site "https://www.chess.com"]

[Event "Titled Tuesday Blitz November 07 Late 2023"]
[White "Bogaudinov, Rushan"]
[Black "Ehlvest, Jaan"]
[WhiteFideId "4129288"]
[BlackFideId "4500016"]
[WhiteElo "2317"]
[BlackElo "2636"]
[Result "0-1"]
[Round "1"]
[TimeControl "180+1"]
[Date "2023.11.07"]
[WhiteClock "0:00:03"]
[BlackClock "0:00:15"]
[Board "114"]

1. e4 g6 2. d4 Bg7 3. g3 c6 4. Bg2 d5 5. c3 dxe4 6. Bxe4 Nf6 7. Bg2 e5 8. Ne2 O-O 9. O-O Nbd7 10. Na3 exd4 11. Nxd4 Ne5 12. Bf4 Nd5 13. Bxe5 Bxe5 14. Nc4 Bg7 15. Re1 Nf6 16. a4 Bd7 17. Qb3 Qc7 18. a5 Rfe8 19. Ne5 Rxe5 20. Rxe5 Qxe5 21. Qxb7 Rb8 22. Qxa7 Rxb2 23. a6 Bf8 24. Qa8 c5 25. a7 cxd4 26. Qf3 dxc3 27. a8=Q c2 28. Qfa3 Rb8 29. Qxb8 Qxb8 30. Qc1 Qb3 31. Bf1 Kg7 32. Bd3 Ba4 33. h4 Bc5 34. Kf1 Qxd3+ 35. Kg2 Qe4+ 36. Kh3 Ng4 37. Qb2+ Bd4 38. Rxa4 Nxf2+ 39. Kh2 Bxb2 40. Rxe4 c1=Q 0-1


[Site "https://www.chess.com"]

[Event "Titled Tuesday Blitz November 07 Late 2023"]
[White "Wadsworth, Matthew J"]
[Black "Biernacki, Mark"]
[WhiteFideId "415804"]
[BlackFideId "2082322"]
[WhiteElo "2631"]
[BlackElo "2316"]
[Result "1/2-1/2"]
[Round "1"]
[TimeControl "180+1"]
[Date "2023.11.07"]
[WhiteClock "0:00:08"]
[BlackClock "0:00:03"]
[Board "115"]

1. Nf3 d5 2. g3 Nf6 3. Bg2 Bg4 4. c4 c6 5. Ne5 Be6 6. cxd5 Bxd5 7. Nf3 Nbd7 8. Nc3 e5 9. O-O Bd6 10. d4 e4 11. Nh4 O-O 12. Nf5 Bc7 13. Bg5 h6 14. Bh4 Re8 15. Qd2 Kh7 16. Rac1 Ba5 17. a3 Bxc3 18. bxc3 b5 19. Bh3 e3 20. Nxe3 Ne4 21. Qc2 g5 22. Nxd5 cxd5 23. f3 Kg7 24. fxe4 dxe4 25. Rf5 gxh4 26. Rcf1 Re7 27. Qb3 Qe8 28. gxh4 a6 29. Kh1 Nf8 30. h5 Nh7 31. Bg2 Ng5 32. h4 Nh7 33. Bxe4 Rxe4 34. Rxf7+ Kh8 35. Qd5 Rxe2 36. Qf5 Qe4+ 37. Qxe4 Rxe4 38. Rb7 Rg8 39. Rf2 Rxh4+ 40. Rh2 Rxh2+ 41. Kxh2 Ng5 42. d5 Nf3+ 43. Kh3 Ng1+ 44. Kh2 Nf3+ 45. Kh3 Ng1+ 46. Kh4 Nf3+ 47. Kh3 1/2-1/2


[Site "https://www.chess.com"]

[Event "Titled Tuesday Blitz November 07 Late 2023"]
[White "TheAlienParty"]
[Black "Flameboard08"]
[WhiteElo "2316"]
[BlackElo "2629"]
[Result "1-0"]
[Round "1"]
[TimeControl "180+1"]
[Date "2023.11.07"]
[WhiteClock "0:01:28"]
[BlackClock "0:00:03"]
[Board "116"]

1. c4 b5 2. cxb5 a6 3. bxa6 Bxa6 4. Nc3 c5 5. g3 Nc6 6. Bg2 Bb7 7. Nf3 e6 8. O-O Nf6 9. d4 d5 10. Bg5 Be7 11. Bxf6 Bxf6 12. dxc5 Bxc3 13. bxc3 Qa5 14. Nd4 Qxc5 15. Nxc6 Bxc6 16. Qb3 O-O 17. Rfb1 h6 18. Qb4 Qa7 19. Qb6 Qd7 20. c4 Rfb8 21. Qxb8+ Rxb8 22. Rxb8+ Kh7 23. cxd5 exd5 24. e3 Qa7 25. Rb4 Qa3 26. Rd4 Qb2 27. Rad1 Qxa2 28. Bxd5 Bxd5 29. Rxd5 Qe2 30. R5d4 h5 31. R1d2 Qf3 32. h4 Qb7 33. Rf4 Qb1+ 34. Kg2 Qb7+ 35. e4 f6 36. Rd5 Kg6 37. Rff5 Qb4 38. Rf4 Qb3 39. Rd2 Qc3 40. Re2 Qd3 41. Re3 Qd6 42. e5 Qd5+ 43. Kh2 fxe5 44. Rfe4 Qf7 45. Kg1 Kh6 46. Rxe5 Qa2 47. Rg5 Qb1+ 48. Kh2 Qb6 49. Rf3 Qa7 50. Rff5 g6 51. Rf6 Qd4 52. Rgxg6+ Kh7 53. Kg2 Qe4+ 54. Kg1 Qe1+ 55. Kh2 Qe2 56. Rg5 Qd1 57. Rff5 Qe2 58. Rxh5+ Kg6 59. Rhg5+ Kh6 60. Rf6+ Kh7 61. Rf4 Kh6 62. Rgf5 Kh7 63. h5 Kh6 64. g4 Kh7 65. Rf6 Qe5 66. Kg3 Qe1 67. h6 Qg1+ 68. Kh4 Qh2+ 69. Kg5 Qg1 70. Rf7+ Kg8 71. Rf8+ Kh7 72. R4f7# 1-0


[Site "https://www.chess.com"]

[Event "Titled Tuesday Blitz November 07 Late 2023"]
[White "Ismagilov, Damir"]
[Black "Ramadoss, Ashokkumar"]
[WhiteFideId "34199982"]
[BlackFideId "5040990"]
[WhiteElo "2626"]
[BlackElo "2316"]
[Result "1-0"]
[Round "1"]
[TimeControl "180+1"]
[Date "2023.11.07"]
[WhiteClock "0:02:19"]
[BlackClock "0:01:00"]
[Board "117"]

1. d4 Nf6 2. Bf4 g6 3. Nc3 d5 4. Qd2 h6 5. O-O-O Bg7 6. f3 c6 7. e4 dxe4 8. fxe4 g5 9. Bg3 Qa5 10. Nf3 Na6 11. Kb1 Nc7 12. Nd5 1-0


[Site "https://www.chess.com"]